 Dungeon Crawl Stone Soup version 0.29.0-5-ge4962eb29e (webtiles) character file.

Game seed: 8808534234780033437

35 greasedhog the Trooper (level 3, -1/36 HPs)
             Began as a Gargoyle Berserker on Aug 30, 2022.
             Was a Believer of Trog.
             Frozen to death by an endoplasm (5 damage)
             ... on level 1 of the Dungeon.
             The game lasted 00:01:21 (1366 turns).

greasedhog the Trooper (Gargoyle Berserker)         Turns: 1366, Time: 00:01:21

Health: -1/36      AC:  5    Str: 22    XL:     3   Next: 35%
Magic:  3/3        EV: 11    Int:  7    God:    Trog [**....]
Gold:   38         SH:  0    Dex:  9    Spells: 2/2 levels left

rFire   + . .      SeeInvis +   h - +0 flail
rCold   . . .      Faith    .   (no shield)
rNeg    + . .      Spirit   .   b - +0 animal skin
rPois   ∞          Reflect  .   (no helmet)
rElec   +          Harm     .   (no cloak)
rCorr   .          Rampage  .   (no gloves)
Will    .....      Rnd*Tele +   (no boots)
Stlth   ..........              (no amulet)
HPRegen 0.12/turn               c - ring of protection from fire
MPRegen 0.08/turn               e - ring of see invisible

@: berserking, very quick
A: sickness immunity, AC +3, negative energy resistance 1, electricity
resistance, torment resistance 1, petrification resistance, teleportitis 1
a: Renounce Religion, Berserk, Trog's Hand


You were on level 1 of the Dungeon.
You worshipped Trog.
Trog was pleased with you.
You visited 1 branch of the dungeon, and saw 1 of its levels.

You collected 38 gold pieces.

Inventory:

Hand Weapons
 h - a +0 flail (weapon)
Armour
 b - a +0 animal skin (worn)
Jewellery
 c - a ring of protection from fire (left hand)
 e - a ring of see invisible (right hand)
Scrolls
 g - a scroll of enchant armour {unknown}
Potions
 a - a potion of lignification {unknown}
 d - 2 potions of curing {unknown}
 f - a potion of invisibility {unknown}


   Skills:
 * Level 4.1 Fighting
 * Level 3.7 Maces & Flails
 - Level 2.1 Armour
 - Level 1.5 Dodging


You had 2 spell levels left.
You didn't know any spells.
Your spell library was empty.

Dungeon Overview and Level Annotations

Branches:
Dungeon (1/15)

Altars:


Innate Abilities, Weirdness & Mutations

You are immune to sickness and miasma.
Your stone body is resilient. (AC +3)
You are immune to poison.
You resist negative energy. (rN+)
You are resistant to electric shocks. (rElec)
You are resistant to unholy torment.
You are immune to petrification.
You are occasionally teleported next to monsters.


Message History

Trog accepts your kill. The quokka closely misses you.
You closely miss the quokka. Your punch misses the quokka.
The quokka closely misses you.
You hit the quokka.
The quokka is almost dead.
The quokka barely misses you.
You barely miss the quokka.
The quokka is almost dead.
The quokka bites you but does no damage.
The quokka bites you.
You hit the quokka.
You kill the quokka!
Trog accepts your kill. The endoplasm freezes you.
You are frozen.
You are too injured to fight recklessly!
You are too injured to fight recklessly!
You are too injured to fight recklessly!
You are too injured to fight recklessly!
You are too injured to fight recklessly!
You are too injured to fight recklessly!
You hit the endoplasm.
The endoplasm is lightly wounded.
The endoplasm freezes you.
You are frozen.
* * * LOW HITPOINT WARNING * * *
You hit the endoplasm but do no damage.
The endoplasm is lightly wounded.
The endoplasm closely misses you.
You hit the endoplasm.
The endoplasm is almost dead.
The endoplasm freezes you.
You are frozen.
* * * LOW HITPOINT WARNING * * *
A red film seems to cover your vision as you go berserk!
You feel yourself moving faster!
You feel mighty! The endoplasm freezes you.
You are frozen.
You die...

#.# #..... #.### #.....
#...###..... ###.........
##+#+## ####..>... .......
####### .?..... ########
......)##########......####
..?......J@.....'......'...
.......##########......####
....... #......# .......
#......# ....... #......#
....... #......# .......
#......# ####### ########


You could see an endoplasm.

Vanquished Creatures
  5 ball pythons (D:1)
  2 endoplasms (D:1)
  5 giant cockroaches (D:1)
  4 goblins (D:1)
  2 hobgoblins (D:1)
  4 jackals (D:1)
  A quokka (D:1)
  2 frilled lizards (D:1)
  3 kobolds (D:1)
  A rat (D:1)
29 creatures vanquished.

Notes
Turn   | Place    | Note
-------+----------+-------------------------------------------
     0 | D:1      | greasedhog the Gargoyle Berserker began the quest for the
                  | Orb.
     0 | D:1      | Reached XP level 1. HP: 14/14 MP: 1/1
   470 | D:1      | Reached XP level 2. HP: 19/19 MP: 2/2
   781 | D:1      | Gained mutation: You occasionally lose the ability to read
                  | scrolls when taking damage. [potion of mutation]
   781 | D:1      | Gained mutation: You are covered in fur. (AC +1) [potion of
                  | mutation]
   782 | D:1      | Lost mutation: You are covered in fur. (AC +1) [potion of
                  | mutation]
   782 | D:1      | Lost mutation: You occasionally lose the ability to read
                  | scrolls when taking damage. [potion of mutation]
   782 | D:1      | Gained mutation: You are occasionally teleported next to
                  | monsters. [potion of mutation]
   874 | D:1      | Reached XP level 3. HP: 21/24 MP: 3/3
   967 | D:1      | Reached ** piety under Trog
   981 | D:1      | Reached skill level 4 in Fighting
  1366 | D:1      | Frozen to death by an endoplasm

Illustrated notes

Levels and vault maps discovered:
D:1:      heliophobic_arrival_glass_houses, layout_basic

Skill      XL: |  1  2  3 |
---------------+----------+-----
Fighting       | 4 |  4.1
Maces & Flails | |  3.7
Armour         | |  2.1
Dodging        | |  1.5

Action                   || total
-------------------------++-------
Melee: Mace              ||    89
       Flail             ||    15
Invok: Berserk           ||     1
  Use: Potion            ||     2
       Scroll            ||     1
Armor: Animal skin       ||    41
Dodge: Dodged            ||    60
